 Dungeon Crawl Stone Soup version 0.29.0-4-gdea44cf6ec (webtiles) character file.

Game seed: 13593492424031667329

177 qw the Chopper (level 5, -2/30 HPs)
             Began as a Tengu Warper on Aug 28, 2022.
             Killed by nerve-wracking pain
             ... invoked by an orc priest
              (10 damage)
             ... on level 3 of the Dungeon.
             The game lasted 00:00:15 (2425 turns).

qw the Chopper (Tengu Warper)                       Turns: 2425, Time: 00:00:15

Health: -2/30      AC:  8    Str: 13    XL:     5   Next: 57%
Magic:  9/9        EV:  7    Int: 14    God:
Gold:   192        SH:  5    Dex: 16    Spells: 8/8 levels left

rFire   + . .      SeeInvis .   Y - +2 hand axe (drain)
rCold   x . .      Faith    .   (no shield)
rNeg    . . .      Spirit   .   c - +0 chain mail
rPois   +          Reflect  +   (helmet restricted)
rElec   .          Harm     .   (no cloak)
rCorr   +          Rampage  .   (no gloves)
Will    .....                   (boots unavailable)
Stlth   ..........              l - amulet of Wuejefyosi {Reflect +Inv rPois rF+ rC- Dex+3 SH+5}
HPRegen 0.10/turn               a - ring of resist corrosion
MPRegen 0.11/turn               (no ring)

@: flying quickly and evasively, quick
A: beak, talons 3, nimble flight
a: Evoke Invisibility


You were on level 3 of the Dungeon.
You visited 1 branch of the dungeon, and saw 3 of its levels.

You collected 192 gold pieces.


Innate Abilities, Weirdness & Mutations

You have a beak for a mouth.
You have claws for feet.
Your magical nature lets you fly swiftly and evasively.


   Skills:
 - Level 2.0 Fighting
 - Level 6.1 Axes
 - Level 1.0 Throwing
 + Level 1.1 Armour
 - Level 2.1 Dodging
 - Level 2.0 Spellcasting
 - Level 2.4 Translocations


You had 8 spell levels left.
You didn't know any spells.
Your spell library contained the following spells:

 Spells                   Type           Power      Damage    Failure   Level
 Blink                    Tloc           16%        N/A       99%         2
 Gell's Gravitas          Tloc           8%         N/A       100%        3
 Lesser Beckoning         Tloc           8%         N/A       100%        3
 Teleport Other           Tloc           8%         N/A       100%        3
 Manifold Assault         Tloc           8%         N/A       100%        5

Inventory:

Hand Weapons
 h - a +0 flail
 Y - a +2 hand axe of draining (weapon)
Armour
 c - a +0 chain mail (worn)
Jewellery
 a - a ring of resist corrosion (left hand)
 l - the amulet of Wuejefyosi (around neck) {Reflect +Inv rPois rF+ rC- Dex+3 SH+5}
   (You found it on level 2 of the Dungeon)

   [amulet of reflection]

   It reflects blocked missile attacks.
   Dex:       It affects your dexterity (+3).
   rF:        It protects you from fire.
   rC:        It makes you vulnerable to cold.
   rPois:     It protects you from poison.
   +Inv:      It lets you turn invisible.
   SH:        It affects your SH (+5).
Scrolls
 e - a scroll of identify
Potions
 b - 2 potions of brilliance {unknown}
 d - a potion of curing
 k - a potion of cancellation {unknown}

Dungeon Overview and Level Annotations

Branches:
Dungeon (3/15)

Altars:

Shops:
D:1 =

Annotations:
D:3 3 runed translucent doors, qw's ghost, amateur TeWr


Message History

An orc priest is nearby!
You completely miss the orc priest.
You claw the orc priest, but do no damage.
The orc priest hits you with a +0 whip.
You closely miss the orc priest.
You claw the orc priest, but do no damage.
The orc priest hits you with a +0 whip.
You completely miss the orc priest.
The orc shouts!
Your kick misses the orc priest. Your peck misses the orc priest.
The orc priest hits you with a +0 whip.
You closely miss the orc priest.
You claw the orc priest, but do no damage.
You peck the orc priest, but do no damage.
The orc priest hits you but does no damage.
You hit the orc priest but do no damage.
You claw the orc priest.
The orc priest is moderately wounded.
The orc priest hits you with a +0 whip.
You hit the orc priest. You claw the orc priest.
Your peck misses the orc priest.
The orc priest is heavily wounded.
You barely miss the orc.
The orc priest mumbles some strange prayers to Beogh against you.
Pain shoots through your body! The orc hits you but does no damage.
You hit the orc priest. You drain the orc priest.
You kill the orc priest!
You barely miss the orc. You hit the orc. You drain the orc.
You kill the orc!
The orc hits you but does no damage.
The orc priest invokes the aid of Beogh against you.
Pain shoots through your body!
Your Axes skill increases to level 6!
You hit the orc. You claw the orc.
You kill the orc!
You slash the orc priest! You claw the orc priest. You peck the orc priest.
The orc priest is almost dead.
The orc priest invokes the aid of Beogh against you.
Pain shoots through your body!
You die...

###......#
##.###.......+..8..
#.#....###..#####.....#(...(
##.#...................#.....
#..#######.######...##.###
#.......................
#####.........?.#####.
#:....####..# #######
#o#.....o. #@#o......
#)o#....... #....>.o...
####.....o. ......o #######


You could see 2 orc priests.

Vanquished Creatures
  2 orc priests (D:3)
  Terence (D:3)
  An orc wizard (D:3)
  An adder (D:3)
  8 orcs (D:3)
  5 ball pythons
  5 endoplasms
  3 giant cockroaches
  2 goblins
  2 hobgoblins
  4 jackals (D:1)
  2 kobolds (D:1)
  3 quokkas
  4 bats
  4 frilled lizards
  3 rats
50 creatures vanquished.

Notes
Turn   | Place    | Note
-------+----------+-------------------------------------------
     0 | D:1      | qw the Tengu Warper began the quest for the Orb.
     0 | D:1      | Reached XP level 1. HP: 12/12 MP: 4/4
     0 | D:1      | 0 ||| qw: Version: 0.1-a-89-g26bdef1
     0 | D:1      | 0 ||| qw: Game counter: 2882
     0 | D:1      | 0 ||| qw: Always use a shield: true
     0 | D:1      | 0 ||| qw: God list: Okawaru
     0 | D:1      | 0 ||| qw: Allow faded altars: false
     0 | D:1      | 0 ||| qw: Do Orc after D:15 true
     0 | D:1      | 0 ||| qw: Do second Lair branch before Depths: true
     0 | D:1      | 0 ||| qw: Lair rune preference: random
     0 | D:1      | 0 ||| qw: Plans: Normal
     0 | D:1      | 0 ||| PLANNING D:1-11
    71 | D:1      | 71 ||| DROPPING scroll of blinking.
    72 | D:1      | 72 ||| Stepping randomly (stuck).
    73 | D:1      | 73 ||| Stepping randomly (stuck).
   237 | D:1      | Reached XP level 2. HP: 17/17 MP: 6/6
   316 | D:1      | Reached skill level 3 in Axes
   726 | D:1      | Found a faded altar of an unknown god.
   955 | D:1      | Found Raebac's Jewellery Boutique.
   958 | D:1      | 958 ||| SHOPLISTING amulet of guardian spirit (360 gold,
                  | have 85).
   958 | D:1      | 958 ||| SHOPLISTING amulet of regeneration (360 gold, have
                  | 85).
   958 | D:1      | 958 ||| SHOPLISTING ring "Podapuh" {rElec rPois rCorr
                  | Int+2} (508 gold, have 85).
   958 | D:1      | 958 ||| SHOPLISTING ring of fire (300 gold, have 85).
   958 | D:1      | 958 ||| SHOPLISTING ring of protection from cold (300 gold,
                  | have 85).
  1050 | D:1      | 1050 ||| Stepping ~*~*~tactically~*~*~ (stealth).
  1199 | D:1      | 1199 ||| UPGRADING to +0 ring mail.
  1209 | D:1      | 1209 ||| DROPPING +0 leather armour.
  1210 | D:1      | 1210 ||| READING scroll labelled DUR EXISSETWE BEJA.
  1211 | D:1      | 1211 ||| READING 2 scrolls labelled EMATOU JUTUEHIYST.
  1212 | D:1      | 1212 ||| READING scroll labelled VEOSEB IFFOMUNISH.
  1213 | D:1      | 1213 ||| READING scroll labelled CATEICLAVA.
  1270 | D:2      | Reached XP level 3. HP: 21/21 MP: 7/7
  1709 | D:2      | Reached skill level 4 in Axes
  1797 | D:2      | Identified the amulet of Wuejefyosi {Reflect +Inv rPois rF+
                  | rC- Dex+3 SH+5}
  1865 | D:2      | 1865 ||| READING scroll of enchant weapon.
  1865 | D:2      | 1865 ||| ENCHANTING +1 hand axe.
  1989 | D:2      | 1989 ||| UPGRADING to +0 chain mail.
  1999 | D:2      | 1999 ||| DROPPING +0 ring mail.
  2000 | D:2      | 2000 ||| UPGRADING to amulet of Wuejefyosi {Reflect +Inv
                  | rPois rF+ rC- Dex+3 SH+5}.
  2005 | D:2      | 2005 ||| UPGRADING to ring of resist corrosion.
  2006 | D:2      | 2006 ||| READING scroll labelled CAONGA GIFFIR.
  2007 | D:2      | 2007 ||| READING scroll labelled OTROKHLI JINN.
  2008 | D:2      | 2008 ||| DRINKING 2 white potions.
  2009 | D:2      | 2009 ||| DRINKING 2 glowing cyan potions.
  2010 | D:2      | 2010 ||| READING 2 scrolls of identify.
  2010 | D:2      | 2010 ||| IDENTIFYING amethyst potion
  2011 | D:2      | 2011 ||| DROPPING potion of degeneration.
  2036 | D:3      | Noticed Terence
  2048 | D:3      | HP: 3/21 [Terence/+1 trident of protection (4)]
  2049 | D:3      | 2049 ||| DRINKING potion of heal wounds.
  2050 | D:3      | Killed Terence
  2051 | D:3      | Reached XP level 4. HP: 19/26 MP: 8/8
  2151 | D:3      | 2151 ||| Stepping ~*~*~tactically~*~*~ (stealth).
  2160 | D:3      | 2160 ||| Stepping ~*~*~tactically~*~*~ (hiding).
  2163 | D:3      | 2163 ||| Stepping ~*~*~tactically~*~*~ (hiding).
  2164 | D:3      | 2164 ||| Stepping ~*~*~tactically~*~*~ (hiding).
  2166 | D:3      | 2166 ||| Stepping ~*~*~tactically~*~*~ (stealth).
  2172 | D:3      | Reached skill level 5 in Axes
  2172 | D:3      | 2172 ||| Stepping ~*~*~tactically~*~*~ (stealth).
  2188 | D:3      | Gained mutation: Your magical nature lets you fly swiftly
                  | and evasively. [Tengu growth]
  2188 | D:3      | Reached XP level 5. HP: 29/30 MP: 9/9
  2191 | D:3      | 2191 ||| Stepping ~*~*~tactically~*~*~ (stealth).
  2232 | D:3      | Found a runed translucent gate.
  2244 | D:3      | 2244 ||| FLEEEEING.
  2247 | D:3      | 2247 ||| FLEEEEING.
  2248 | D:3      | 2248 ||| FLEEEEING.
  2249 | D:3      | 2249 ||| FLEEEEING.
  2250 | D:3      | 2250 ||| FLEEEEING.
  2251 | D:3      | 2251 ||| FLEEEEING.
  2252 | D:3      | 2252 ||| FLEEEEING.
  2253 | D:3      | 2253 ||| FLEEEEING.
  2254 | D:3      | 2254 ||| FLEEEEING.
  2255 | D:3      | 2255 ||| FLEEEEING.
  2256 | D:3      | 2256 ||| STAIRDANCE
  2316 | D:3      | 2316 ||| STAIRDANCE
  2359 | D:3      | Found a runed translucent gate.
  2359 | D:3      | Found a runed translucent gate.
  2359 | D:3      | Noticed qw's ghost (amateur TeWr)
  2414 | D:3      | 2414 ||| Stepping ~*~*~tactically~*~*~ (hiding).
  2424 | D:3      | Reached skill level 6 in Axes
  2425 | D:3      | Killed from afar by an orc priest

Levels and vault maps discovered:
D:1:      heliophobic_arrival_enchanted_forest, layout_basic,
          ebering_ecumenical_altar_hall, serial_shops,
          nicolae_shop_behind_doors, corexii_corridor_pit,
          nicolae_concentric_dashed_squares_wild
D:2:      layout_basic
D:3:      layout_rooms, ebering_ghost_rock_garden, serial_shops,
          nicolae_shop_statue_plus, kennysheep_nub,
          nicolae_figureground_sparkle, uniq_terence

Skill      XL: |  1  2  3  4  5 |
---------------+----------------+-----
Axes           | 3 4 5 6 |  6.1
Fighting       | |  2.0
Throwing       | |  1.0
Armour         | |  1.1
Dodging        | |  2.1
Spellcasting   | |  2.0
Translocations | |  2.4

Action                   |  1- 3 |  4- 6 || total
-------------------------+-------+-------++-------
Melee: Hand axe          |    93 |    45 ||   138
       Kick              |    21 |    16 ||    37
       Peck              |    10 |     7 ||    17
Throw: Boomerang         |     7 |       ||     7
  Use: Scroll            |     8 |       ||     8
       Potion            |     3 |       ||     3
Armor: Leather armour    |    12 |       ||    12
       Ring mail         |    16 |       ||    16
       Chain mail        |     4 |    14 ||    18
Dodge: Dodged            |    50 |     5 ||    55
Block: Other             |     1 |     5 ||     6

Table legend:
 A = Non-vault XP
 B = Vault XP
 C = Vault XP percentage of total XP
 D = Non-vault monster count
 E = Vault monster count
 F = Vault count percentage of total count
                 A         B        C        D         E       F
            +---------+---------+-------+---------+---------+-------
      Total |     218 |      36 |  14.2 |      49 |       1 |   2.0
            +---------+---------+-------+---------+---------+-------
        D:1 |      33 |       0 |   0.0 |      20 |       0 |   0.0
        D:2 |      18 |       0 |   0.0 |      11 |       0 |   0.0
        D:3 |     167 |      36 |  17.7 |      18 |       1 |   5.3
            +---------+---------+-------+---------+---------+-------
